 Dungeon Crawl Stone Soup version 0.19.1 (webtiles) character file.

82003 galech the Grappler (level 15, -27/153 HPs)
             Began as a Troll Monk on Dec 27, 2016.
             Was a Priest of Okawaru.
             Annihilated by a dire elephant (31 damage)
             ... while paralysed by a great orb of eyes
             ... on level 15 of the Dungeon.
             The game lasted 01:32:35 (19094 turns).

galech the Grappler (Troll Monk)                   Turns: 19094, Time: 01:32:36

Health: -27/153    AC: 15    Str: 24    XL:     15   Next: 28%
Magic:  20/20      EV:  1    Int:  7    God:    Okawaru [***...]
Gold:   1270       SH:  0    Dex: 18    Spells: 0 memorised, 14 levels left

rFire  . . .     SeeInvis .       - Unarmed
rCold  . . .     Gourm    +     w - +4 troll leather armour {Purgy}
rNeg   . . .     Faith    .     (no shield)
rPois  .         Spirit   .     (helmet restricted)
rElec  .         Reflect  .     S - +0 cloak {+Inv}
rCorr  +         Harm     +     (gloves unavailable)
MR     +....                    (boots unavailable)
Stlth  ++........               T - amulet of harm
                                y - +3 ring of evasion
                                P - ring of the Octopus King {rCorr AC+1 EV+1 Str+1 Int+1 Dex+1}

@: paralysed, studying Axes
A: unfitting armour, claws 3, hooves 1, horns 1, blurry vision 1, fast
metabolism 3, gourmand, regeneration 2, shaggy fur 1, tough skin 2
a: Heroism, Renounce Religion, Evoke Invisibility


You were on level 15 of the Dungeon.
You worshipped Okawaru.
Okawaru was most pleased with you.
You were completely stuffed.

You visited 3 branches of the dungeon, and saw 21 of its levels.
You also visited: Trove and Sewer.

You collected 2304 gold pieces.
You spent 1034 gold pieces at shops.

Inventory:

Missiles
 W - 11 large rocks (quivered)
Armour
 r - a +0 shield of reflection
 w - a +4 troll leather armour (worn) {Purgy}
 S - a +0 cloak of invisibility (worn)
Jewellery
 v - an uncursed ring of ice
 y - a +3 ring of evasion (right claw)
 D - an uncursed ring of stealth
 F - an uncursed ring of resist corrosion
 I - an uncursed ring of see invisible
 J - an uncursed ring of poison resistance
 N - a +3 ring of dexterity {unknown}
 P - a ring of the Octopus King (left claw) {rCorr AC+1 EV+1 Str+1 Int+1 Dex+1}
   (You found it on level 8 of the Dungeon)

   [ring of resist corrosion]

   It affects your AC (+1).
   It affects your evasion (+1).
   It affects your strength (+1).
   It affects your intelligence (+1).
   It affects your dexterity (+1).
 R - an uncursed ring of protection from magic
 T - an amulet of harm (around neck)
 U - an uncursed amulet of magic regeneration {unknown}
 V - an uncursed amulet of regeneration {unknown}
 X - an uncursed ring of fire
Wands
 p - a wand of teleportation (3/9)
 H - a wand of hasting (4/9)
Scrolls
 d - 7 scrolls of magic mapping
 g - 14 scrolls of remove curse
 h - 4 scrolls of enchant weapon {unknown}
 i - 2 scrolls of teleportation
 l - 3 scrolls of blinking {unknown}
 m - 3 scrolls of fog
 z - 2 scrolls of amnesia
 C - a scroll of silence
 K - 3 scrolls of acquirement {unknown}
 O - a scroll of brand weapon
 Z - a scroll of recharging
Potions
 c - 5 potions of agility {unknown}
 e - 2 potions of might {unknown}
 j - 4 potions of flight
 k - 2 potions of brilliance
 o - 7 potions of heal wounds {unknown}
 q - 2 potions of ambrosia {unknown}
 t - 8 potions of degeneration {unknown}
 u - 13 potions of curing
 x - 4 potions of invisibility
 A - 2 potions of cancellation
 B - 4 potions of lignification {unknown}
 Q - 2 potions of berserk rage
 Y - a potion of resistance
Books
 a - a manual of Axes
Comestibles
 b - 21 bread rations
 f - 14 fruits
 n - 12 meat rations
 s - 18 royal jellies
 E - 8 chunks of flesh
 L - 6 beef jerkies
 M - 10 slices of pizza


   Skills:
 + Level 11.1 Fighting
 + Level 10.4 Armour
 + Level 11.2 Dodging
 - Level 1.0 Stealth
 + Level 13.0 Unarmed Combat
 + Level 8.1 Invocations


You had 14 spell levels left.
You didn't know any spells.

Dungeon Overview and Level Annotations

Branches:
Dungeon (15/15)            Temple (0/1) D:4            Lair (4/6) D:11
  Swamp (0/4) Lair:4       Spider (0/4) Lair:3          Orc (2/2) D:12
    Elf (0/3) Orc:2        Vaults (0/5) D:13         Depths (0/5) D:15

Altars:
Cheibriados
Dithmenos
Elyvilon
Fedhas
Gozag
Hepliaklqana
Makhleb
Nemelex Xobeh
Okawaru
Trog
Uskayaw
Vehumet
Yredelemnul
Zin
Beogh

Shops:
D:4 ((:%   D:5 (   D:10 }!   D:13 ?[(}   D:14 }   Orc:1 ?}:   Orc:2 =*([

Annotations:
D:8 exclusion: oklob plant


Innate Abilities, Weirdness & Mutations

You are too large for most types of armour.
You have claws for hands.
Your metabolism is lightning-fast.
You like to eat raw meat.
You heal very quickly.
You are covered in fur. (AC +1)
You have very tough skin. (AC +2)
You have large cloven feet.
You have a pair of small horns on your head.
Scrolls take you a little longer to read.


Message History

The great orb of eyes gazes at you.
You suddenly lose the ability to move!
The great orb of eyes moves out of view.
The seven-headed hydra bites you.
The seven-headed hydra bites you but does no damage. x3
The seven-headed hydra bites you!
The seven-headed hydra barely misses you.
The seven-headed hydra bites you!
The dire elephant tramples you but does no damage.
The dire elephant trunk-slaps you! The seven-headed hydra bites you!
The seven-headed hydra bites you. The seven-headed hydra bites you! x4
* * * LOW HITPOINT WARNING * * *
The seven-headed hydra bites you.
* * * LOW HITPOINT WARNING * * *
The dire elephant tramples you!!
* * * LOW HITPOINT WARNING * * *
You are shoved backwards!
The dire elephant tramples you!!
You die...

#.# #......#..#### #.#
#......#N.# #
#.###).....##.####>
#.......#..#......#
#รท).....#..#โ‰ˆ.#.โ‰ˆ.#
#.......#..#..#..G#
#(####..#..#.####.####
##.# #..#.....#.Y....#
##.# #..#...โ‰ˆ..@D.#..#
##.# #..#.....########
##.# #..#....... ##.#
#..#........# ##.#
#..#........# ##.#
#..#........# ...#
#..#......... ####
##############


You could see a dire elephant, a seven-headed hydra and a great orb of eyes.

Vanquished Creatures
  Rupert (Lair:4)
  Donald (Orc:2)
  An orc warlord (Orc:1)
  Azrael (D:13)
  2 hydras
  2 vault guards (D:13)
  Harold (D:11)
  2 centaur warriors
  A death knight (D:11)
  2 tengu warriors
  4 orc high priests (Orc:2)
  The ghost of Mungo the Covert, a journeyman SpAK of Lugonu (D:13)
  A wizard (D:13)
  2 necromancers (D:13)
  2 hill giants
  A deep elf mage (D:12)
  3 orc knights (Orc:2)
  5 oklob plants (Lair:4)
  5 orc sorcerers (Orc:2)
  3 cyclopes
  3 manticores
  An ugly thing (D:12)
  2 black mambas
  5 spiny frogs
  2 gargoyles
  Psyche (D:8)
  2 rime drakes
  7 komodo dragons
  A freezing wraith (D:14)
  A queen bee (shapeshifter) (D:14)
  A tengu conjurer (D:13)
  A queen bee (Lair:2)
  Grinder (D:6)
  7 trolls
  Prince Ribbit (D:8)
  5 two-headed ogres
  3 slime creatures (D:13)
  5 blink frogs (Lair:3)
  4 dream sheep
  7 hippogriffs
  4 shadows
  A wyvern (D:12)
  2 wraiths
  21 yaks
  A yak (shapeshifter) (D:13)
  21 humans
  Grum (D:8)
  Eustachio (D:4)
  3 basilisks
  2 fire elementals
  A steam dragon (D:12)
  2 hungry ghosts
  4 hogs (D:7)
  6 wargs
  Edmund (D:4)
  2 mottled dragons
  4 hell hounds
  8 water moccasins
  2 porcupines
  Purgy (Sewer)
  4 ice beasts
  31 orc warriors
  2 necrophages
  2 sky beasts
  3 eyes of draining
  A phantom (D:14)
  9 ogres
  10 centaurs
  7 crocodiles
  The ghost of markt42 the Covered, an amateur GrFi (Sewer)
  13 wolves
  3 big kobolds
  14 bullfrogs
  A wyvern zombie (D:8)
  A wyvern skeleton (D:13)
  3 scorpions
  26 killer bees
  17 wights
  2 howler monkeys
  A crimson imp (D:5)
  2 centaur zombies
  2 quasits
  11 hounds
  8 orc priests
  3 centaur skeletons
  A gnoll shaman (D:6)
  6 jellies
  5 iguanas
  7 hell rats (Lair:4)
  24 orc wizards
  2 worker ants
  A worker ant zombie (D:10)
  13 gnolls
  11 adders
  A shadow imp (D:7)
  2 oozes
  An adder zombie (D:7)
  An adder skeleton (D:9)
  3 worms
  3 dart slugs
  3 leopard geckos
  80 orcs
  4 ball pythons
  12 bats
  16 giant cockroaches
  2 gnoll zombies (D:2)
  6 goblins
  5 hobgoblins
  11 jackals
  6 quokkas
  4 frilled lizards
  A jackal skeleton (D:4)
  16 kobolds
  A leopard gecko zombie (D:6)
  10 rats
  8 bushes (D:8)
  15 plants
647 creatures vanquished.

Vanquished Creatures (others)
  3 fungi
  2 plants (D:11)
5 creatures vanquished.

Grand Total: 652 creatures vanquished

Notes
Turn   | Place    | Note
-------+----------+-------------------------------------------
     0 | D:1      | galech the Troll Monk began the quest for the Orb.
     0 | D:1      | Reached XP level 1. HP: 22/22 MP: 0/0
   134 | D:1      | Reached XP level 2. HP: 29/29 MP: 1/1
   876 | D:2      | Reached XP level 3. HP: 37/37 MP: 2/2
   888 | D:2      | Found a shadowy altar of Dithmenos.
  1029 | D:2      | Found a hide-covered altar of Uskayaw.
  1153 | D:2      | Found a hazy altar of Hepliaklqana.
  1412 | D:2      | Reached XP level 4. HP: 43/45 MP: 3/3
  1540 | D:2      | Found a basalt altar of Yredelemnul.
  1726 | D:3      | Found an iron altar of Okawaru.
  1735 | D:3      | Became a worshipper of Warmaster Okawaru
  1735 | D:3      | Reached * piety under Okawaru
  1735 | D:3      | Reached ** piety under Okawaru
  2232 | D:3      | Reached skill level 4 in Unarmed Combat
  2320 | D:3      | Reached XP level 5. HP: 51/53 MP: 4/4
  2527 | D:4      | Found a glowing drain.
  2553 | Sewer    | Entered a sewer
  2558 | Sewer    | Noticed markt42's ghost (amateur GrFi)
  2570 | Sewer    | Killed markt42's ghost
  2714 | Sewer    | Noticed Purgy
  2723 | Sewer    | Killed Purgy
  2723 | Sewer    | Reached XP level 6. HP: 48/62 MP: 2/5
  2866 | D:4      | Found Uhiaf's Food Shop.
  2884 | D:4      | Found an opulent altar of Gozag.
  2886 | D:4      | Found Icwuxeg's Book Shoppe.
  2921 | D:4      | Found Wioreom's Weapon Shop.
  2941 | D:4      | Found a snail-covered altar of Cheibriados.
  2988 | D:4      | Reached skill level 5 in Unarmed Combat
  3014 | D:4      | Found a staircase to the Ecumenical Temple.
  3110 | D:4      | Found Atuph's Antique Weapon Shop.
  3178 | D:4      | Noticed Eustachio
  3210 | D:4      | Killed Eustachio
  3210 | D:4      | Reached *** piety under Okawaru
  3210 | D:4      | Reached skill level 1 in Armour
  3210 | D:4      | Reached XP level 7. HP: 71/71 MP: 6/6
  3287 | D:4      | Noticed Edmund
  3303 | D:4      | Killed Edmund
  3525 | D:4      | Found a radiant altar of Vehumet.
  3668 | D:5      | Entered Level 5 of the Dungeon
  3707 | D:5      | Found Zuzurphe's Antique Weapon Shoppe.
  3772 | D:5      | Found a sparkling altar of Nemelex Xobeh.
  3773 | D:5      | Found an opulent altar of Gozag.
  3870 | D:5      | Reached skill level 5 in Fighting
  3882 | D:5      | Reached XP level 8. HP: 65/80 MP: 7/7
  3983 | D:5      | Found a bloodstained altar of Trog.
  3998 | D:5      | Reached **** piety under Okawaru
  4002 | D:5      | Reached skill level 5 in Dodging
  4002 | D:5      | Reached skill level 6 in Unarmed Combat
  5213 | D:6      | Noticed Grinder
  5236 | D:6      | Killed Grinder
  5236 | D:6      | Reached ***** piety under Okawaru
  5236 | D:6      | Reached XP level 9. HP: 57/89 MP: 8/8
  5699 | D:7      | Reached skill level 7 in Unarmed Combat
  5873 | D:7      | Gained mutation: You have large cloven feet. [mutagenic meat]
  5874 | D:7      | Gained mutation: You heal very quickly. [mutagenic meat]
  5939 | D:7      | Gained mutation: Scrolls take you a little longer to read. [mutagenic meat]
  5940 | D:7      | Gained mutation: You have a pair of small horns on your head. [mutagenic meat]
  6392 | D:7      | Reached skill level 5 in Armour
  6458 | D:8      | Identified Easy Witchcraft
  6555 | D:8      | Noticed Prince Ribbit
  6566 | D:8      | Killed Prince Ribbit
  6566 | D:8      | Reached skill level 8 in Unarmed Combat
  6566 | D:8      | Reached XP level 10. HP: 87/100 MP: 9/9
  6640 | D:8      | Got a ring of the Octopus King
  6642 | D:8      | Identified a ring of the Octopus King {rCorr AC+1 EV+1 Str+1 Int+1 Dex+1} (You found it on level 8 of the Dungeon)
  6650 | D:8      | Noticed Psyche
  6660 | D:8      | Killed Psyche
  6761 | D:8      | Found a roughly hewn altar of Beogh.
  6845 | D:8      | Found a blossoming altar of Fedhas.
  6856 | D:8      | Noticed an oklob plant
  7225 | D:8      | Noticed Grum
  7241 | D:8      | Killed Grum
  7521 | D:9      | Reached ****** piety under Okawaru
  7893 | D:9      | Received a gift from Okawaru
  8025 | D:9      | Found a glowing silver altar of Zin.
  8088 | D:10     | Entered Level 10 of the Dungeon
  8094 | D:10     | Reached skill level 9 in Unarmed Combat
  8162 | D:10     | Found Coilim's Gadget Shoppe.
  8179 | D:10     | Noticed a hill giant
  8189 | D:10     | Killed a hill giant
  8210 | D:10     | Reached XP level 11. HP: 104/111 MP: 10/10
  8264 | D:10     | Found Joex's Distillery.
  8527 | D:10     | Found a burning altar of Makhleb.
  8805 | D:11     | Noticed Harold
  8816 | D:11     | Killed Harold
  8816 | D:11     | Received a gift from Okawaru
  8858 | D:11     | Found a staircase to the Lair.
  9201 | D:11     | Noticed a death knight
  9426 | D:11     | Killed a death knight
  9426 | D:11     | Reached skill level 10 in Unarmed Combat
  9633 | D:10     | Reached skill level 1 in Invocations
  9721 | Lair:1   | Entered Level 1 of the Lair of Beasts
  9749 | Lair:1   | Noticed a five-headed hydra
  9753 | Lair:1   | Received a gift from Okawaru
  9910 | D:12     | Found a staircase to the Orcish Mines.
  9964 | Orc:1    | Entered Level 1 of the Orcish Mines
  9973 | Orc:1    | Found Temo's Book Emporium.
 10020 | Orc:1    | Found Lopnip's Gadget Boutique.
 10154 | Orc:1    | Found Etsual's Magic Scroll Shop.
 10185 | Orc:1    | Bought a scroll of identify for 30 gold pieces
 10185 | Orc:1    | Bought a scroll of enchant armour for 112 gold pieces
 10261 | Orc:1    | Found a roughly hewn altar of Beogh.
 10485 | Orc:2    | Entered Level 2 of the Orcish Mines
 10490 | Orc:2    | Noticed an orc sorcerer
 10500 | Orc:2    | Reached XP level 12. HP: 97/122 MP: 12/12
 10579 | Orc:2    | Found Gutux's Antique Armour Shop.
 10581 | Orc:2    | Received a gift from Okawaru
 10642 | Orc:2    | Found a staircase to the Elven Halls.
 10754 | Orc:2    | Found Gaiptus's Jewellery Shop.
 10823 | Orc:2    | Noticed an orc high priest
 10824 | Orc:2    | Noticed an orc high priest
 10953 | Orc:2    | Killed an orc high priest
 10985 | Orc:2    | Killed an orc high priest
 11017 | Orc:2    | Found Juesch's General Store.
 11035 | Orc:2    | Noticed Donald
 11053 | Orc:2    | Killed Donald
 11096 | Orc:2    | Noticed an orc high priest
 11105 | Orc:2    | Reached skill level 11 in Unarmed Combat
 11112 | Orc:2    | Killed an orc high priest
 11205 | Orc:2    | Bought a glowing cloak for 388 gold pieces
 11408 | Orc:2    | Noticed an orc warlord
 11408 | Orc:2    | Found Rynwiuhe's Antique Weapon Shoppe.
 11409 | Orc:2    | Noticed an orc high priest
 11463 | Orc:1    | Killed an orc warlord
 11528 | Orc:2    | Reached skill level 5 in Invocations
 11531 | Orc:2    | Killed an orc high priest
 11531 | Orc:2    | Received a gift from Okawaru
 11920 | Lair:1   | Killed an eight-headed hydra
 11920 | Lair:1   | Reached XP level 13. HP: 103/131 MP: 15/15
 12029 | Lair:1   | Reached skill level 10 in Fighting
 12029 | Lair:1   | Reached skill level 10 in Dodging
 12029 | Lair:1   | Reached XP level 14. HP: 143/143 MP: 15/17
 13902 | Lair:3   | Reached skill level 12 in Unarmed Combat
 14241 | Lair:3   | Found a hole to the Spider Nest.
 14678 | Lair:4   | Received a gift from Okawaru
 14878 | Lair:4   | Found a white marble altar of Elyvilon.
 14886 | Lair:4   | Found a staircase to the Swamp.
 15194 | Lair:4   | Noticed Rupert
 15205 | Lair:4   | Killed Rupert
 15744 | D:12     | Found a basalt altar of Yredelemnul.
 16295 | D:12     | Found a portal to a secret trove of treasure.
 16299 | Trove    | Entered a treasure trove
 16335 | Trove    | Got a crystal hand axe
 16336 | Trove    | Identified the +0 hand axe of the Puffin {venom, *Noise rPois rC++ rN+} (You found it in a treasure trove)
 16610 | D:13     | Found Qiroshras's Gadget Boutique.
 16698 | D:13     | Found Figair's Food Boutique.
 16705 | D:13     | Bought 2 fruits for 36 gold pieces
 16705 | D:13     | Bought a bread ration for 60 gold pieces
 16705 | D:13     | Bought a meat ration for 60 gold pieces
 16705 | D:13     | Bought a meat ration for 60 gold pieces
 16705 | D:13     | Bought a beef jerky for 18 gold pieces
 16705 | D:13     | Bought a bread ration for 60 gold pieces
 16705 | D:13     | Bought a royal jelly for 24 gold pieces
 16705 | D:13     | Bought a meat ration for 60 gold pieces
 16752 | D:13     | Found Viubept's Armour Boutique.
 16795 | D:13     | Noticed Mungo's ghost (journeyman SpAK)
 16806 | D:13     | Killed Mungo's ghost
 16845 | D:13     | Found Ahat's Antique Weapon Shoppe.
 16985 | D:13     | Reached skill level 10 in Armour
 17025 | D:13     | Noticed Azrael
 17239 | D:13     | Killed Azrael
 17255 | D:13     | Found Gysyxag's Magic Scroll Shop.
 17269 | D:13     | Bought a scroll of identify for 28 gold pieces
 17269 | D:13     | Bought a scroll of magic mapping for 49 gold pieces
 17269 | D:13     | Bought a scroll of magic mapping for 49 gold pieces
 17580 | D:13     | Reached XP level 15. HP: 152/152 MP: 19/19
 17617 | D:13     | Found a gate to the Vaults.
 17763 | D:14     | Found Qionail's Gadget Shoppe.
 18617 | D:14     | Reached skill level 13 in Unarmed Combat
 18832 | D:15     | Entered Level 15 of the Dungeon
 19089 | D:15     | Found a staircase to the Depths.
 19091 | D:15     | Paralysed by a great orb of eyes for 6 turns
 19093 | D:15     | HP: 2/153 [dire elephant (30)]
 19094 | D:15     | Annihilated by a dire elephant

Skill      XL: |  1  2  3  4  5  6  7  8  9 10 11 12 13 14 15 |
---------------+----------------------------------------------+-----
Fighting       | 3 4 5 6 7 8 9 10 11 | 11.1
Dodging        | 3 4 5 6 7 8 9 10 11 | 11.2
Unarmed Combat | 4 5 6 8 9 10 11 12 13 | 13.0
Armour         | 1 2 3 5 6 7 8 9 10 | 10.4
Invocations    | 2 5 6 7 8 |  8.1
Stealth        | |  1.0

Action                   |  1- 3 |  4- 6 |  7- 9 | 10-12 | 13-15 || total
-------------------------+-------+-------+-------+-------+-------++-------
Melee: Unarmed           |    82 |   181 |   313 |   916 |   724 ||  2216
       Punch             |       |     6 |    13 |    62 |    64 ||   145
       Kick              |       |       |    21 |   412 |   262 ||   695
       Headbutt          |       |       |     8 |   269 |   170 ||   447
Throw: Large rock        |       |       |       |     5 |       ||     5
Invok: Heroism           |       |     2 |       |     5 |     1 ||     8
       Finesse           |       |       |       |     1 |       ||     1
  Use: Scroll            |       |     1 |     1 |    10 |    14 ||    26
       Potion            |       |       |       |       |     1 ||     1
 Stab: Sleeping          |     3 |     5 |     1 |     1 |     6 ||    16
  Eat: Chunk             |    18 |    17 |    36 |    48 |    70 ||   189
Armor: Robe              |    28 |    31 |       |       |       ||    59
       Troll leather arm |       |    29 |    60 |   117 |   183 ||   389
Dodge: Dodged            |    32 |    98 |   233 |   678 |   625 ||  1666
